 Dungeon Crawl Stone Soup version 0.30.0-29-ga12c61a403 (webtiles) character file.

Game seed: 13829607416209502903

27026 belegose the Fighter (level 13, -13/113 HPs)
             Began as a Hill Orc Reaver on June 12, 2023.
             Was an Elder of Makhleb.
             Mangled by a komodo dragon (21 damage)
             ... on level 2 of the Lair of Beasts.
             The game lasted 01:05:52 (13483 turns).

belegose the Fighter (Hill Orc Reaver)             Turns: 13483, Time: 01:05:53

Health: -13/113    AC: 17    Str: 20    XL:     13   Next: 29%
Magic:  19/19      EV:  9    Int: 13    God:    Makhleb [****..]
Gold:   477        SH:  0    Dex:  9    Spells: 14/15 levels left

rFire   . . .        a - +5 demon trident (elec)
rCold   . . .        (no shield)
rNeg    + . .        C - +1 chain mail {rN+}
rPois   +            D - +0 hat
rElec   .            (no cloak)
rCorr   .            M - +0 pair of gloves
SInv    .            h - +2 pair of boots
Will    .....        B - amulet of regeneration
Stlth   x              - ring of flight
HPRegen 1.18/turn    P - ring of poison resistance
MPRegen 0.16/turn

%: no passive effects
@: flying
A: no striking features
a: Renounce Religion, Minor Destruction, Lesser Servant of Makhleb, Major
Destruction


You were on level 2 of the Lair of Beasts.
You worshipped Makhleb.
Makhleb was greatly pleased with you.
You visited 3 branches of the dungeon, and saw 15 of its levels.

You collected 874 gold pieces.
You spent 397 gold pieces at shops.

Inventory:

Hand Weapons
 a - a +5 demon trident of electrocution (weapon)
 b - a +1 hand axe of venom
Missiles
 i - 6 silver javelins
 j - 3 silver boomerangs
 m - 38 poisoned darts
 y - 16 boomerangs
 F - 16 javelins (quivered)
 N - 6 curare-tipped darts
Armour
 h - a +2 pair of boots (worn)
 C - a +1 chain mail of positive energy (worn)
 D - a +0 hat (worn)
 H - the +4 ring mail of Dawn {rElec rCorr Dex-4}
   (You found it on level 1 of the Lair of Beasts)

   Dex:       It affects your dexterity (-4).
   rElec:     It insulates you from electricity.
   rCorr:     It protects you from acid and corrosion.
 M - a +0 pair of gloves (worn)
Magical Staves
 W - a staff of air
Jewellery
 x - a ring of flight (left hand)
 B - an amulet of regeneration (around neck)
 E - a ring of protection from fire
 P - a ring of poison resistance (right hand)
 V - an amulet of the acrobat
Wands
 l - a wand of light (4)
 L - a wand of paralysis (8)
 X - a wand of flame (8)
Scrolls
 d - 2 scrolls of amnesia {unknown}
 e - a scroll of brand weapon {unknown}
 f - 3 scrolls of fear {unknown}
 p - 2 scrolls of poison {unknown}
 q - a scroll of teleportation {unknown}
 t - 5 scrolls of enchant armour
 u - 2 scrolls of vulnerability {unknown}
 w - a scroll of fog {unknown}
 A - 3 scrolls of immolation {unknown}
 K - 2 scrolls of silence {unknown}
 O - 2 scrolls of blinking {unknown}
 S - a scroll of torment {unknown}
 U - a scroll of summoning
Potions
 c - 4 potions of flight
 g - 2 potions of resistance
 k - 2 potions of attraction
 n - 3 potions of lignification
 o - 2 potions of ambrosia
 r - 2 potions of haste
 s - a potion of cancellation {unknown}
 z - 6 potions of curing
 G - a potion of heal wounds
 I - 2 potions of mutation
 J - a potion of might
 Q - a potion of berserk rage
Miscellaneous
 v - a box of beasts
 R - a phantom mirror


   Skills:
 - Level 10.0 Fighting
 - Level 9.4(11.1) Axes
 - Level 4.8(7.0) Maces & Flails
 + Level 6.2(8.0) Polearms
 + Level 8.8 Throwing
 - Level 10.0 Armour
 - Level 4.0 Dodging
 - Level 1.5 Spellcasting
 - Level 3.0 Conjurations
 + Level 9.1 Invocations
 + Level 9.9 Evocations


You had 14 spell levels left.
You knew the following spells:

 Your Spells              Type           Power      Damage    Failure   Level
a - Kiss of Death         Conj/Necr      16%        2d6       63%         1

Your spell library contained the following spells:

 Spells                   Type           Power      Damage    Failure   Level
 Momentum Strike          Conj/Tloc      8%         3d8       77%         2
 Summon Small Mammal      Summ           4%         N/A       83%         1
 Lesser Beckoning         Tloc           2%         N/A       92%         2
 Dazzling Flash           Conj/Hex       8%         N/A       94%         3
 Hailstorm                Conj/Ice       4%         3d4       94%         3
 Call Canine Familiar     Summ           1%         N/A       99%         3
 Frozen Ramparts          Ice            2%         1d1       99%         3
 Gell's Gravitas          Tloc           1%         N/A       99%         3
 Ozocubu's Armour         Ice            1%         N/A       99%         3
 Summon Guardian Golem    Hex/Summ       1%         N/A       99%         3
 Teleport Other           Tloc           1%         N/A       99%         3
 Ice Form                 Ice/Tmut       1%         N/A       100%        4
 Summon Ice Beast         Ice/Summ       1%         N/A       100%        4
 Agony                    Necr           1%         N/A       100%        5
 Silence                  Hex/Air        0%         N/A       100%        5
 Ozocubu's Refrigeration  Ice            0%         4d7       100%        7


Dungeon Overview and Level Annotations

Branches:
Dungeon (12/15)            Temple (1/1) D:5            Lair (2/5) D:11
    Orc (0/2) D:10
  Swamp: Lair:2-3    Shoals: Lair:2-3     Snake: Lair:2-3    Spider: Lair:2-3

Altars:
Ashenzari
Cheibriados
Dithmenos
Elyvilon
Fedhas
Gozag
Hepliaklqana
Kikubaaqudgha
Makhleb
Nemelex Xobeh
Okawaru
Qazlal
Ru
Sif Muna
Trog
Uskayaw
Vehumet
Wu Jian
Xom
Yredelemnul
Zin
The Shining One

Shops:
D:2 :   D:3 [   D:11 ?

Annotations:
D:3 2 transporters, seaoflcl's ghost, amateur MiFi
D:10 exclusion: downstairs


Message History

You impale the komodo dragon!!
Lightning courses through the komodo dragon!
The komodo dragon is almost dead.
The komodo dragon bites you!
You hit the komodo dragon but do no damage.
The komodo dragon is severely wounded.
The komodo dragon barely misses you.
You hit the komodo dragon but do no damage.
The komodo dragon is severely wounded.
The komodo dragon bites you!
You hit the komodo dragon but do no damage.
The komodo dragon is severely wounded.
You hear the rumble of a distant avalanche of rocks.
The komodo dragon bites you.
The komodo dragon attacks as you move away!
The komodo dragon bites you but does no damage.
You see here a white potion.
The komodo dragon attacks as you move away!
The komodo dragon barely misses you. The komodo dragon bites you!
The komodo dragon attacks as you move away!
The komodo dragon bites you but does no damage.
The komodo dragon bites you!!
The komodo dragon attacks as you move away!
The komodo dragon bites you!! The komodo dragon bites you!
The komodo dragon attacks as you move away!
The komodo dragon closely misses you.
The komodo dragon attacks as you move away!
The komodo dragon bites you!!
* * * LOW HITPOINT WARNING * * *
The komodo dragon bites you!!
* * * LOW HITPOINT WARNING * * *
The komodo dragon bites you.
* * * LOW HITPOINT WARNING * * *
The komodo dragon attacks as you move away!
The komodo dragon bites you.
* * * LOW HITPOINT WARNING * * *
The komodo dragon attacks as you move away!
The komodo dragon bites you but does no damage.
The komodo dragon bites you!!
You die...

##.....≈.~.~#
##......#
#.....~≈..~#
#......#
#..#..~~~..#
#P........
##.....~~.~.#
###.......
#....~~~~.~.#
##......
##..#..≈~..$#
#.....#
#....l≈≈~~##
#....##
##.....≈l~##
#.....#≈@##
##....#≈≈###
#....###≈≈≈#
#....# ###≈#
#....## ##
##.....###
#..<).P#.#
#........##
#.........##


You could see 2 komodo dragons.

Vanquished Creatures
  3 hydras
  A centaur warrior (D:11)
  Urug (D:11)
  Nergalle (D:10)
  6 two-headed ogres
  Sonja (D:10)
  2 deep elf pyromancers (D:12)
  A cyclops (D:12)
  A manticore (D:11)
  An ugly thing (D:11)
  5 elephants (Lair:1)
  A cane toad (Lair:1)
  3 komodo dragons
  Psyche (D:8)
  A rime drake (Lair:1)
  A yaktaur (D:10)
  4 trolls
  2 dream sheep (D:8)
  4 slime creatures
  2 shadows
  A wyvern (D:11)
  A fire elemental (D:12)
  20 yaks
  3 steam dragons
  Grum (D:11)
  6 vampire mosquitoes
  Edmund (D:4)
  2 acid dragons
  5 water moccasins
  2 ice beasts (D:7)
  2 orc warriors
  A sky beast (D:7)
  A centaur (D:10)
  2 black bears (D:5)
  8 wolves
  2 ogres
  2 phantoms
  7 kobold brigands
  4 bullfrogs
  A gnoll sergeant (D:10)
  2 scorpions
  8 wights
  A troll zombie (D:10)
  9 killer bees (D:9)
  4 howler monkeys
  An electric eel (Lair:1)
  A hound (D:4)
  4 orc priests
  2 gnoll boudas
  A sleepcap (D:5)
  3 iguanas
  7 orc wizards
  7 ogre zombies (D:10)
  A mummy (D:5)
  11 gnolls
  4 adders
  A shadow imp (D:6)
  A white imp (D:6)
  An ufetubus (D:5)
  A worm (D:2)
  35 orcs
  5 endoplasms
  3 giant cockroaches
  12 goblins
  11 hobgoblins
  3 jackals (D:1)
  10 quokkas
  11 ball pythons
  4 bats
  3 frilled lizards
  A goblin skeleton (D:10)
  A goblin zombie (D:10)
  2 hobgoblin skeletons (D:10)
  4 hobgoblin zombies (D:10)
  19 kobolds
  5 orc skeletons (D:10)
  12 orc zombies (D:10)
  8 rats
333 creatures vanquished.

Vanquished Creatures (collateral kills)
  An elephant (Lair:1)
  2 black mambas (Lair:1)
  A cane toad (Lair:1)
  A polar bear (Lair:1)
  2 yaks (Lair:1)
  4 wolves (Lair:1)
11 creatures vanquished.

Vanquished Creatures (others)
  A shadow imp (D:5)
  A kobold (D:8)
2 creatures vanquished.

Grand Total: 346 creatures vanquished

Notes
Turn   | Place    | Note
-------+----------+-------------------------------------------
     0 | D:1      | belegose the Hill Orc Reaver began the quest for the Orb.
     0 | D:1      | Reached XP level 1. HP: 18/18 MP: 3/3
   322 | D:1      | Reached XP level 2. HP: 23/25 MP: 4/4
   415 | D:1      | Reached skill level 1 in Armour
   552 | D:1      | Reached skill level 1 in Throwing
   552 | D:1      | Reached XP level 3. HP: 28/30 MP: 5/5
   939 | D:2      | Found Feujat's Book Emporium.
  1139 | D:2      | Reached XP level 4. HP: 36/38 MP: 6/6
  1184 | D:2      | Found a faded altar of an unknown god.
  1836 | D:3      | Reached skill level 5 in Axes
  1836 | D:3      | Reached XP level 5. HP: 42/45 MP: 7/7
  1926 | D:3      | Found Zaobaom's Armour Boutique.
  2135 | D:3      | Noticed seaoflcl's ghost (amateur MiFi)
  2181 | D:3      | Found a transporter.
  2186 | D:3      | Found a transporter.
  2593 | D:4      | Noticed a phantom
  2612 | D:4      | Killed a phantom
  2613 | D:4      | Reached skill level 1 in Maces & Flails
  2613 | D:4      | Reached XP level 6. HP: 43/52 MP: 6/8
  3468 | D:5      | Entered Level 5 of the Dungeon
  3468 | D:5      | Noticed Edmund
  3708 | D:5      | Reached skill level 5 in Fighting
  3708 | D:5      | Reached XP level 7. HP: 53/61 MP: 6/9
  3838 | D:4      | Reached skill level 1 in Evocations
  3925 | D:4      | Killed Edmund
  4014 | D:5      | Reached XP level 8. HP: 62/70 MP: 10/10
  4067 | D:5      | Found a snail-covered altar of Cheibriados.
  4168 | D:5      | Found a staircase to the Ecumenical Temple.
  4178 | Temple   | Entered the Ecumenical Temple
  4378 | Temple   | Became a worshipper of Makhleb the Destroyer
  4808 | D:5      | Reached skill level 5 in Armour
  5137 | D:6      | Found a hazy altar of Hepliaklqana.
  5138 | D:6      | Found a shimmering blue altar of Sif Muna.
  5139 | D:6      | Found a white marble altar of Elyvilon.
  5359 | D:7      | Reached skill level 5 in Invocations
  5359 | D:7      | Reached XP level 9. HP: 69/75 MP: 12/12
  5678 | D:7      | Found a glowing silver altar of Zin.
  6240 | D:8      | Reached skill level 5 in Evocations
  6338 | D:8      | Noticed Psyche
  6476 | D:8      | Killed Psyche
  6476 | D:8      | Reached * piety under Makhleb
  6477 | D:8      | Reached skill level 5 in Throwing
  6870 | D:8      | Noticed a two-headed hydra
  6897 | D:8      | Killed a two-headed hydra
  6898 | D:8      | Reached XP level 10. HP: 50/88 MP: 13/13
  7245 | D:3      | Bought a +0 pair of gloves for 58 gold pieces
  8090 | D:9      | Reached ** piety under Makhleb
  8334 | D:9      | Found a hide-covered altar of Uskayaw.
  8468 | D:10     | Entered Level 10 of the Dungeon
  8798 | D:10     | Noticed Nergalle
  8816 | D:10     | Killed Nergalle
  8944 | D:10     | Noticed a two-headed ogre
  9059 | D:10     | Reached XP level 11. HP: 96/97 MP: 14/14
  9068 | D:10     | Killed a two-headed ogre
  9186 | D:10     | Noticed a two-headed ogre
  9191 | D:10     | Killed a two-headed ogre
  9213 | D:10     | Noticed a five-headed hydra
  9228 | D:10     | Killed a five-headed hydra
  9338 | D:10     | Found a staircase to the Orcish Mines.
  9423 | D:10     | Reached skill level 10 in Fighting
  9451 | D:10     | Noticed Sonja
  9510 | D:10     | Killed Sonja
  9655 | D:10     | Reached *** piety under Makhleb
 10187 | D:11     | Noticed a centaur warrior
 10187 | D:11     | Found a staircase to the Lair.
 10251 | D:11     | Noticed Grum
 10264 | D:11     | Noticed a white ugly thing
 10264 | D:11     | Noticed a two-headed ogre
 10362 | D:11     | Noticed a two-headed ogre
 10375 | D:11     | Killed a two-headed ogre
 10379 | D:11     | Noticed a manticore
 10474 | D:11     | Killed a manticore
 10499 | D:11     | Noticed Urug
 10527 | D:11     | Killed Urug
 10583 | D:11     | Found Socwipet's Magic Scroll Boutique.
 10592 | D:11     | Bought a scroll of identify for 34 gold pieces
 10592 | D:11     | Bought a scroll of noise for 17 gold pieces
 10592 | D:11     | Bought a scroll of summoning for 161 gold pieces
 10592 | D:11     | Bought a scroll of enchant weapon for 127 gold pieces
 10607 | D:11     | Killed a white ugly thing
 10634 | D:11     | Reached skill level 1 in Polearms
 10634 | D:11     | Reached XP level 12. HP: 94/106 MP: 15/15
 10654 | D:11     | Killed Grum
 10742 | D:11     | Killed a centaur warrior
 10806 | D:11     | Killed a two-headed ogre
 11142 | D:11     | Reached **** piety under Makhleb
 11572 | D:12     | Noticed a two-headed ogre
 11590 | D:12     | Killed a two-headed ogre
 11999 | D:12     | Noticed a two-headed ogre
 12016 | D:12     | Killed a two-headed ogre
 12092 | Lair:1   | Entered Level 1 of the Lair of Beasts
 12404 | Lair:1   | Reached skill level 10 in Armour
 12557 | Lair:1   | Reached skill level 5 in Polearms
 12560 | Lair:1   | Reached XP level 13. HP: 68/113 MP: 17/19
 13178 | Lair:1   | Identified the +4 ring mail of Dawn {rElec rCorr Dex-4}
 13483 | Lair:2   | Mangled by a komodo dragon

Illustrated notes

Levels and vault maps discovered:
D:1:      zelgadis_glass_arrival_large, layout_basic, minivault_14,
          nicolae_eternal_life
D:2:      layout_basic, serial_shops, nicolae_book_shop_shelving,
          ebering_ecumenical_altar_abandoned
D:3:      layout_basic, serial_curves, eino_curves_04, eino_curves_03,
          eino_curves_03, gammafunk_ghost_arena, serial_shops, shop
D:4:      layout_basic, serial_bayou, serial_bayou_shore_a, serial_bayou_lake_a,
          serial_bayou_pond_e, serial_bayou_pond_e
D:5:      layout_cave_pools, slow_altar_1, minmay_temple_entry_glass,
          uniq_edmund
D:6:      layout_rooms, chequers_temple_overflow_statue_of_worship,
          minmay_misc_feat_room, st_stairs_3, hex_tiny
D:7:      layout_rooms, lemuel_doored_altar, minivault_4
D:8:      layout_rooms, minivault_19, hangedman_ranch, uniq_psyche
D:9:      layout_cave_pods, nicolae_uskayaw_murder_on_the_dancefloor
D:10:     minmay_opposing_rooms, layout_irregular_city, zombieorc2_lemuel,
          serial_column_ruins, column_ruins_square_medium, column_ruins_hut,
          column_ruins_grid_4, column_ruins_grid_4, column_ruins_open_small,
          column_ruins_open_medium, uniq_sonja, uniq_nergalle
D:11:     layout_big_octagon, lair_entry_dummy, serial_shops,
          nicolae_diamond_shop, uniq_urug, uniq_grum
D:12:     layout_loops_cross, kennysheep_decorative_pillar, grunt_decor_junction
Temple:   eino_temple_scatter_basement
Lair:1:   layout_long_grid, grunt_megastairs_2, serial_bayou_shore_b,
          lemuel_fruit_tree, infiniplex_staircase_pool_2, serial_bayou_shore_b
Lair:2:   beast_lair_carwin_large_3, layout_gridlike,
          nicolae_snake_entry_warm_welcome, serial_rivers,
          chequers_serial_rivers_small_3, chequers_serial_rivers_large_a,
          chequers_serial_rivers_micro_d, chequers_serial_rivers_micro_c,
          lightli_volcano_entry_magma_tube

Skill      XL: |  1  2  3  4  5  6  7  8  9 10 11 12 13 |
---------------+----------------------------------------+-----
Armour         | 1 2 3 4 5 6 8 10 | 10.0
Throwing       | 1 2 3 4 5 6 7 8 |  8.8
Fighting       | 3 4 5 6 7 9 10 | 10.0
Axes           | 5 6 8 9 |  9.4
Maces & Flails | 1 2 4 |  4.8
Evocations     | 2 4 5 6 8 9 |  9.9
Invocations    | 5 8 9 |  9.1
Dodging        | 3 4 |  4.0
Polearms       | 1 5 6 |  6.2
Spellcasting   | |  1.5
Conjurations   | |  3.0

Action                     |  1- 3 |  4- 6 |  7- 9 | 10-12 | 13-15 || total
---------------------------+-------+-------+-------+-------+-------++-------
  Melee: Hand axe          |   153 |   133 |       |   185 |       ||   471
         Punch             |     1 |     1 |     8 |     3 |     1 ||    14
         Mace              |       |   118 |   368 |   151 |       ||   637
         Flail             |       |       |    20 |    77 |       ||    97
         Unarmed           |       |       |    37 |       |       ||    37
         Demon trident     |       |       |       |   238 |   102 ||   340
  Throw: Stone             |       |     8 |       |       |       ||     8
         Javelin           |       |     6 |    19 |    20 |     3 ||    48
         Dart              |       |       |    18 |    48 |     2 ||    68
         Throwing net      |       |       |     1 |       |       ||     1
         Boomerang         |       |       |       |    15 |     3 ||    18
 Invoke: Lesser Servant of |       |       |       |     2 |     2 ||     4
  Evoke: Wand              |       |       |     1 |    13 |       ||    14
         Box of beasts     |       |       |       |     2 |       ||     2
    Use: Scroll            |       |       |     6 |    12 |       ||    18
         Potion            |       |       |       |     1 |       ||     1
   Stab: Distracted        |     1 |       |       |       |       ||     1
         Paralysed         |       |       |       |     7 |       ||     7
 Armour: Leather armour    |     6 |       |       |       |       ||     6
         Chain mail        |    72 |   138 |   318 |   455 |    90 ||  1073
         Skin              |       |       |     7 |       |       ||     7
  Dodge: Dodged            |    67 |    98 |   226 |   363 |    66 ||   820
